 Dungeon Crawl Stone Soup version 0.32-a0-834-geaf45d8e21 (webtiles) character file.

Game seed: 419194166182942986

42 AstroCodex24 the Shield-Bearer (level 3, -1/29 HPs)
             Began as a Vampire Fighter on Mar 26, 2024.
             Killed from afar by Sigmund (2 damage)
             ... with a puff of flame
             ... on level 3 of the Dungeon.
             The game lasted 00:02:30 (666 turns).

AstroCodex24 the Shield-Bearer (Vampire Fighter)     Turns: 666, Time: 00:02:31

Health: -1/29      AC:  7    Str: 17    XL:     3   Next: 35%
Magic:  3/3        EV:  8    Int: 10    God:
Gold:   114        SH:  0    Dex: 13    Spells: 2/2 levels left

rFire   . . .        a - +0 war axe
rCold   . . .        c - +0 buckler
rNeg    . . .        b - +0 scale mail
rPois   .            (no helmet)
rElec   .            (no cloak)
rCorr   .            (no gloves)
SInv    +            f - +0 pair of boots
Will    .....        (no amulet) Stlth
                     (no ring)
HPRegen 0.44/turn    (no ring)
MPRegen 0.08/turn

%: no passive effects
@: confused, healing quickly
A: alive, fangs 3, see invisible, vampiric 2
a: Exsanguinate


You were on level 3 of the Dungeon.
You visited 1 branch of the dungeon, and saw 3 of its levels.

You collected 114 gold pieces.

Inventory:

Hand Weapons
 a - a +0 war axe (weapon)
Armour
 b - a +0 scale mail (worn)
 c - a +0 buckler (worn)
 f - a +0 pair of boots (worn)
Scrolls
 i - 2 scrolls of identify {unknown}
Potions
 d - 3 potions of might
 e - 2 potions of brilliance {unknown}
 g - a potion of curing {unknown}
 h - a potion of cancellation {unknown}


   Skills:
 + Level 3.0 Fighting
 + Level 2.2 Axes
 + Level 2.8 Armour
 + Level 0.3 Dodging
 + Level 3.1 Shields


You had 2 spell levels left.
You didn't know any spells.
Your spell library contained the following spells:

 Spells                   Type           Power      Damage    Failure   Level
 Necrotise                Necr           0%         1d4       86%         1
 Vampiric Draining        Necr           0%         2d6       99%         3
 Martyr's Knell           Necr/Summ      0%         N/A       100%        4
 Curse of Agony           Necr           0%         N/A       100%        5


Dungeon Overview and Level Annotations

Branches:
Dungeon (3/15)

Altars:

Annotations:
D:3 Sigmund


Innate Abilities, Weirdness & Mutations

Your natural rate of healing is accelerated.
You have razor-sharp teeth.
You have supernaturally acute eyesight. (SInv)
You are afflicted with vampirism and can become a bat while bloodless.


Message History

The endoplasm is heavily wounded.
Sigmund casts a spell.
Sigmund flickers and vanishes for a moment.
The endoplasm freezes you.
You are frozen.
You slash the endoplasm!
You kill the endoplasm!
Sigmund barely misses you. Sigmund hits you with a +0 scythe!
You slash Sigmund! You bite Sigmund.
Sigmund is severely wounded.
Sigmund hits you with a +0 scythe.
You hit Sigmund.
Sigmund is severely wounded.
Sigmund barely misses you.
You barely miss Sigmund.
Sigmund is severely wounded.
Sigmund hits you with a +0 scythe!
You closely miss Sigmund. You bite Sigmund, but do no damage.
Sigmund is severely wounded.
Sigmund hits you with a +0 scythe.
* * * LOW HITPOINT WARNING * * *
You closely miss Sigmund.
Sigmund is severely wounded.
You hit Sigmund but do no damage.
Sigmund is severely wounded.
Sigmund gestures at you while chanting. The magic dart hits you.
* * * LOW HITPOINT WARNING * * *
Sigmund gestures at you while chanting.
You are confused.
Unknown command.
Unknown command.
Unknown command.
You hit Sigmund.
Sigmund is almost dead.
Sigmund points at you and mumbles some strange words.
The puff of flame hits you.
You die...
Sigmund begins carving another notch in his scythe.

###### #....#
#....# ###.
#....# .... #
#..|.#...
#.##....#.###.
+#.............
....#....#.##.[
..#....@.#.....
.....>.@.......
..###.#<.......
. #...##.#.=.
#...# .# .#
#.#.# .. .
..... .. ##.#..
## # #..


You could see Sigmund (invisible).

Vanquished Creatures
  An adder (D:2)
  A ribbon worm (D:2)
  6 ball pythons
  4 bats
  4 endoplasms
  A giant cockroach (D:2)
  3 goblins
  3 hobgoblins
  A kobold (D:1)
  A quokka (D:2)
  A frilled lizard (D:1)
  2 rats (D:1)
28 creatures vanquished.

Notes
Turn   | Place    | Note
-------+----------+-------------------------------------------
     0 | D:1      | AstroCodex24 the Vampire Fighter began the quest for the
                  | Orb.
     0 | D:1      | Reached XP level 1. HP: 17/17 MP: 1/1
   198 | D:1      | Reached XP level 2. HP: 21/23 MP: 2/2
   333 | D:2      | Gained mutation: You are afflicted with vampirism and can
                  | become a bat while bloodless. [Vampire growth]
   333 | D:2      | Reached XP level 3. HP: 28/28 MP: 3/3
   649 | D:3      | Noticed Sigmund
   665 | D:3      | HP: 1/29 [Sigmund/magic dart (5)]
   666 | D:3      | Killed from afar by Sigmund

Illustrated notes

Levels and vault maps discovered:
D:1:      eino_arrival_water_cross, layout_rooms, serial_curves, eino_curves_03,
          eino_curves_04, eino_curves_04, minmay_pentomino_v2
D:2:      layout_loops_ring, minmay_strange_pillars
D:3:      layout_basic, tso_metal_star, uniq_sigmund

Skill      XL: |  1  2  3 |
---------------+----------+-----
Shields        | 3 |  3.1
Axes           | 2 |  2.2
Fighting       | 3 |  3.0
Armour         | |  2.8
Dodging        | |  0.3

Action                     || total
---------------------------++-------
  Melee: War axe           ||    86
         Bite              ||     9
 Armour: Scale mail        ||    80
  Dodge: Dodged            ||    62
  Block: Buckler           ||    29

Table legend: (Time is in decaauts)
 A = Elapsed time spent in this place.
 B = Non-inter-level travel time spent in this place.
 C = Inter-level travel time spent in this place.
 D = Time resting spent in this place.
 E = Time spent auto-exploring this place.
 F = Levels seen in this place.
 G = Mean time per level.
                   A        B        C        D        E       F      G
               +--------+--------+--------+--------+--------+-----+--------+
         Total |    703 |    703 |      0 |      0 |      0 |   3 |  234.3 |
       Dungeon |    703 |    703 |      0 |      0 |      0 |   3 |  234.3 |
               +--------+--------+--------+--------+--------+-----+--------+

Top non-repeatable levels by time:
     D:2: 418 daAuts
     D:1: 264 daAuts
     D:3: 20 daAuts
